 Dungeon Crawl Stone Soup version 0.26-a0-651-gb41185065b (webtiles) character file.

Game seed: 17533466493346221519

(classic levelgen) 214 EnegeticOcto the Chopper (level 5, 33/46 HPs)
             Began as a Deep Dwarf Delver on Oct 23, 2020.
             Quit the game on level 4 of the Dungeon.
             The game lasted 00:01:37 (290 turns).

EnegeticOcto the Chopper (Deep Dwarf Delver)         Turns: 290, Time: 00:01:37

Health: 33/46      AC:  3    Str: 16    XL:     5   Next: 60%
Magic:  5/5        EV: 12    Int: 11    God:
Gold:   59         SH:  0    Dex: 14    Spells: 4/4 levels left

rFire    + . .     SeeInvis .   a - +0 hand axe
rCold    . . .     Faith    .   (no shield)
rNeg     . . .     Spirit   .   b - +0 leather armour
rPois    .         Reflect  .   (no helmet)
rElec    .         Harm     .   (no cloak)
rCorr    .         Rampage  .   (no gloves)
MR       .....                  (no boots)
Stlth    ++........             d - amulet of magic regeneration
HPRegen  0.00/turn              h - ring of Uthroal {rF+ Stlth-}
MPRegen  0.34/turn              (no ring)

@: non-regenerating
A: damage resistance, heal wounds, sense surroundings 1, no regeneration
a: Heal Wounds


You were on level 4 of the Dungeon.
You visited 1 branch of the dungeon, and saw 4 of its levels.

You collected 59 gold pieces.

Inventory:

Hand Weapons
 a - a +0 hand axe (weapon)
Armour
 b - a +0 leather armour (worn)
Jewellery
 d - an amulet of magic regeneration (around neck)
 h - the ring of Uthroal (left hand) {rF+ Stlth-}
   (You found it on level 4 of the Dungeon)

   [ring of attention]

   It protects you from fire.
   It makes you less stealthy.
Wands
 g - a wand of digging (3) {@v3}
Scrolls
 c - a scroll of fog
 e - a scroll of fear
 i - a scroll of teleportation {@r3}
Potions
 f - a potion of haste {@q4}
 j - a potion of curing {unknown}


   Skills:
 - Level 2.6 Fighting
 + Level 6.5 Axes
 - Level 2.1 Dodging
 - Level 6.0 Stealth


You had 4 spell levels left.
You didn't know any spells.
Your spell library was empty.

Dungeon Overview and Level Annotations

Branches:
Dungeon (7/15)
 Temple: D:4-7

Altars:
Vehumet


Innate Abilities, Weirdness & Mutations

You are resistant to damage.
You can heal yourself by infusing magical energy.
You passively map a small area around you.
You do not regenerate.


Message History

You hit something.
Reactivating autopickup.
You feel a bit more experienced.
You barely miss the orc. The orc barely misses you.
You closely miss the orc priest. You hit the orc but do no damage.
The orc priest hits you but does no damage.
You hit the orc priest.
The orc priest is moderately wounded.
You hit the orc. You closely miss the orc. The orc priest closely misses you.
The orc barely misses you. The orc hits you with a +0 whip.
You hit the orc priest but do no damage.
The orc priest is moderately wounded.
You hit the orc. You hit the orc but do no damage.
The orc completely misses you.
The orc priest hits you but does no damage.
The orc hits you with a +0 whip.
You hit the orc priest but do no damage.
The orc priest is moderately wounded.
You closely miss the orc. You hit the orc. The orc hits you but does no damage.
The orc hits you with a +0 whip. The orc priest barely misses you.
You barely miss the orc.
The orc is heavily wounded.
You barely miss the orc. You closely miss the orc priest. The orc misses you.
The orc hits you but does no damage.
You hit the orc but do no damage.
The orc is heavily wounded.
You hit the orc. You hit the orc priest. The orc priest misses you.
The orc hits you with a +0 whip. The orc hits you but does no damage.
You hit the orc.
You kill the orc!
You barely miss the orc. You hit the orc priest.
The orc priest hits you but does no damage.
The orc hits you with a +0 whip.
You barely miss the orc priest.
The orc priest is severely wounded.
You closely miss the orc.
The orc priest hits you but does no damage.
The orc barely misses you.
You closely miss the orc priest.
The orc priest is severely wounded.
You hit the orc. The orc priest hits you with a +0 mace.
The orc barely misses you.
You closely miss the orc priest.
The orc priest is severely wounded.
You closely miss the orc. The orc hits you but does no damage.
The orc priest looks encouraged for a moment.
You hit the orc priest.
The orc priest is severely wounded.
You hit the orc.
You kill the orc!
The orc priest invokes the aid of Beogh against you.
Pain shoots through your body!
* * * LOW HITPOINT WARNING * * *
You are too injured to fight recklessly!
You feel much better. The orc priest hits you with a +0 mace.
You barely miss the orc priest.
The orc priest is severely wounded.
You hit the orc priest but do no damage.
The orc priest is severely wounded.
The orc priest hits you with a +0 mace.
You barely miss the orc priest.
The orc priest is severely wounded.
The orc priest misses you.
You barely miss the orc priest.
The orc priest is severely wounded.
The orc priest barely misses you.
You hit the orc priest.
You kill the orc priest!
No target in view!
Items here: )) [ †.
There is a stone staircase leading down, spattered with blood here.
Things that are here:
a +0 whip; a +0 leather armour
Items here: ))) [[ ††.
You see here a +0 hand axe.
Items here: ))) [[ ††.
Okay, then.
There is a stone staircase leading down, spattered with blood here.
Things that are here:
a +0 whip; a +0 leather armour
As you read the scroll labeled SOGGUA MOTOU, it crumbles to dust.
The air around you briefly surges with heat, but it dissipates.
It was a scroll of immolation.
Found an escape hatch in the ceiling.
Found 18 gold pieces.
You now have 28 gold pieces (gained 18).
Found 12 gold pieces.
Found 23 stones.
You now have 40 gold pieces (gained 12).
You see here 23 stones.
Really walk into that teleport trap?
You enter a teleport trap!
The teleport trap disappears.
Your surroundings suddenly seem different.
Found 19 gold pieces.
Found a coiled turquoise ring and 15 stones.
You now have 59 gold pieces (gained 19).
h - a coiled turquoise ring
h - the ring of Uthroal (left hand) {rF+ Stlth-} You see here 15 stones.
Are you sure you want to abandon this character and quit the game? (Confirm with "yes".)

##..#
##.##
##..#
#..##
#.##
#.#
#(####
#....#
#.@###
#..#
###.*
#. ##


There were no monsters in sight!

Vanquished Creatures
  An ogre (D:5)
  2 orc priests (D:4)
  2 orc wizards (D:4)
  A hound skeleton (D:5)
  An adder (D:6)
  3 orcs (D:4)
10 creatures vanquished.

Notes
Turn   | Place    | Note
-------+----------+-------------------------------------------
     0 | D:5      | EnegeticOcto the Deep Dwarf Delver began the quest for the
                  | Orb.
     0 | D:5      | Reached XP level 1. HP: 20/20 MP: 1/1
    15 | D:6      | Reached XP level 2. HP: 24/27 MP: 2/2
    69 | D:5      | Found a radiant altar of Vehumet.
    69 | D:5      | Noticed an ogre
    85 | D:5      | Killed an ogre
    85 | D:5      | Reached skill level 5 in Axes
    85 | D:5      | Reached XP level 3. HP: 32/33 MP: 3/3
    85 | D:5      | Reached XP level 4. HP: 38/40 MP: 4/4
   150 | D:4      | Reached XP level 5. HP: 33/46 MP: 5/5
   282 | D:4      | Got a coiled turquoise ring
   283 | D:4      | Identified the ring of Uthroal {rF+ Stlth-} (You found it
                  | on level 4 of the Dungeon)
   290 | D:4      | Quit the game

Illustrated notes

Levels and vault maps discovered:
D:4:      layout_layer_cave, marbit_many_paths
D:5:      layout_loops_cross, nicolae_overflow_crystal_walls, temple_green,
          lemuel_tele_altar
D:6:      minmay_evil_eye, layout_basic, lemuel_doored_altar,
          cheibrodos_ashenzari_chains, hex_intersection
D:7:      layout_cave_pods, nicolae_overflow_hidden_temple,
          grunt_gozag_breadcrumbs, overflow_temple_1_default

Skill      XL: |  1  2  3  4 |
---------------+-------------+-----
Axes           | 3 5 6 |  6.5
Fighting       | |  2.6
Dodging        | |  2.1
Stealth        | |  6.0

Action                   |  1- 3 |  4- 6 || total
-------------------------+-------+-------++-------
Melee: Hand axe          |    17 |    39 ||    56
 Abil: Heal Wounds       |     1 |     5 ||     6
  Use: Scroll            |     4 |     1 ||     5
 Stab: Sleeping          |     1 |     2 ||     3
Armor: Leather armour    |     4 |    14 ||    18
Dodge: Dodged            |    17 |    29 ||    46

Table legend: (Time is in decaauts)
 A = Elapsed time spent in this place.
 B = Non-inter-level travel time spent in this place.
 C = Inter-level travel time spent in this place.
 D = Time resting spent in this place.
 E = Time spent auto-exploring this place.
 F = Levels seen in this place.
 G = Mean time per level.
                   A        B        C        D        E       F      G
               +--------+--------+--------+--------+--------+-----+--------+
         Total |    292 |    292 |      0 |      0 |      0 |   4 |   73.0 |
       Dungeon |    292 |    292 |      0 |      0 |      0 |   4 |   73.0 |
               +--------+--------+--------+--------+--------+-----+--------+

Top non-repeatable levels by time:
     D:4: 168 daAuts
     D:6: 66 daAuts
     D:5: 55 daAuts
     D:7: 2 daAuts
